 Dungeon Crawl Stone Soup version 0.30-a0-802-gb92711bcdf (webtiles) character file.

Game seed: 965995810001023835

462 Esekla the Covert (level 7, -6/47 HPs)
             Began as an Octopode Delver on Feb 23, 2023.
             Was an Initiate of Gozag.
             Mangled by an ogre
             ... wielding a +0 giant spiked club
              (25 damage)
             ... on level 5 of the Dungeon.
             The game lasted 00:24:19 (4354 turns).

Esekla the Covert (Octopode Delver)                 Turns: 4354, Time: 00:24:20

Health: -6/47      AC:  1    Str: 11    XL:     7   Next: 7%
Magic:  22/22      EV: 12    Int: 15    God:    Gozag
Gold:   829        SH:  7    Dex: 13    Spells: 8/9 levels left

rFire   . . .      SeeInvis +    a - +0 falchion
rCold   . . .      Faith    +    v - +0 kite shield
rNeg    . . .      Spirit   .    (helmet restricted)
rPois   .          Reflect  .    d
                                   - Hermit's Pendant {Faith Invo=14 Evo=0 MP+5}
rElec   .          Harm     .    F - ring of see invisible
rCorr   .          Rampage  .    (no ring)
Will    .....                    (no ring)
Stlth   +++++                    (no ring)
HPRegen 0.27/turn                (no ring)
MPRegen 0.18/turn                (no ring)
                                 (no ring)
                                 (no ring)

@: hasted, very quick
A: almost no armour, amphibious, 8 rings, camouflage 1, gelatinous body 1,
(nimble swimmer 1), tentacles
a: Renounce Religion, Potion Petition, Call Merchant, Bribe Branch


You were on level 5 of the Dungeon.
You worshipped Gozag.
Gozag was pleased with you.
You visited 2 branches of the dungeon, and saw 6 of its levels.

You collected 846 gold pieces.
You paid 17 gold pieces to Gozag.

Inventory:

Hand Weapons
 a - a +0 falchion (weapon)
 s - a +0 dagger
Missiles
 e - 2 boomerangs
 h - 2 throwing nets
 l - 3 poisoned darts (quivered)
Armour
 v - a +0 kite shield (worn)
Jewellery
 d - the Hermit's Pendant (around mantle) {Faith Invo=14 Evo=0 MP+5}
   (You found it on level 3 of the Dungeon)

   [amulet of faith]

   Invo=14: It sets your Invocations skill to 14.
   Evo=0: It sets your Evocations skill to 0.
   It allows you to gain divine favour quickly.
   MP:        It affects your magic capacity (+5).
 F - a ring of see invisible (left tentacle)
Wands
 f - a wand of digging (3)
 g - a wand of roots (8)
 A - a wand of flame (17)
Scrolls
 b - 3 scrolls of fog
 c - a scroll of magic mapping
 m - a scroll of enchant armour {unknown}
 o - 3 scrolls of butterflies {unknown}
 p - 3 scrolls of identify {unknown}
 t - 2 scrolls of vulnerability {unknown}
 u - a scroll of amnesia {unknown}
 w - 2 scrolls of immolation {unknown}
 x - 2 scrolls of poison {unknown}
 y - 2 scrolls of teleportation {unknown}
 B - a scroll of acquirement {unknown}
 E - a scroll of blinking {unknown}
Potions
 i - a potion of brilliance
 j - 5 potions of curing
 k - a potion of lignification {unknown}
 n - a potion of attraction {unknown}
 r - 4 potions of might {unknown}
 z - a potion of heal wounds {unknown}
 C - a potion of mutation {unknown}
 D - 2 potions of degeneration {unknown}


   Skills:
 * Level 3.7 Fighting
 + Level 1.5(2.9) Short Blades
 * Level 3.8(4.0) Long Blades
 + Level 0.2 Throwing
 * Level 3.3 Dodging
 + Level 8.3 Stealth
 * Level 1.6 Shields
 * Level 1.6 Spellcasting


You had 8 spell levels left.
You knew the following spells:

 Your Spells              Type           Power      Damage    Failure   Level
p - Apportation           Tloc           2%         N/A       61%         1

Your spell library contained the following spells:

 Spells                   Type           Power      Damage    Failure   Level
 Necrotise                Necr           4%         1d4       61%         1
 Shock                    Conj/Air       4%         1d3       61%         1
 Summon Small Mammal      Summ           4%         N/A       61%         1
 Swiftness                Air            1%         N/A       93%         3
 Airstrike                Air            0%         2d(1-17)  100%        4
 Conjure Ball Lightning   Conj/Air       0%         3x3d6     100%        6
 Discord                  Hex            0%         N/A       100%        8
 Disjunction              Tloc           0%         N/A       100%        8


Dungeon Overview and Level Annotations

Branches:
Dungeon (5/15)             Temple (1/1) D:5

Altars:
Ashenzari
Gozag
Makhleb
Okawaru
Qazlal
Ru
Uskayaw


Innate Abilities, Weirdness & Mutations

You cannot wear most types of armour.
You are amphibious.
You can wear up to eight rings at the same time.
Your skin changes colour to match your surroundings (Stealth+).
Your rubbery body absorbs attacks. (AC +1, EV +1)
((You are camouflaged when in or above water. (Stealth+)))
You have tentacles for arms and can constrict up to eight enemies at once.


Message History

Throw: 7 darts (poison)
Press: ? - help, Q - select action, (/) - cycle Shift-Dir - straight line, f/p - ogre
Aim: an ogre, wielding a +0 giant spiked club (poisoned, 73% to hit)
You throw a poisoned dart.
The poisoned dart barely misses the ogre.
Throw: 6 darts (poison)
Press: ? - help, Q - select action, (/) - cycle Shift-Dir - straight line, f/p - ogre
Aim: an ogre, wielding a +0 giant spiked club (poisoned, 73% to hit)
You throw a poisoned dart. The poisoned dart hits the ogre.
The ogre looks even sicker.
Throw: 5 darts (poison)
Press: ? - help, Q - select action, (/) - cycle Shift-Dir - straight line, f/p - ogre
Aim: an ogre, wielding a +0 giant spiked club (very poisoned, 73% to hit)
You throw a poisoned dart.
The poisoned dart completely misses the ogre.
Throw: 4 darts (poison)
Press: ? - help, Q - select action, (/) - cycle Shift-Dir - straight line, f/p - ogre
Aim: an ogre, wielding a +0 giant spiked club (moderately wounded, poisoned, 73% to hit)
You throw a poisoned dart. The poisoned dart hits the ogre.
The ogre looks even sicker.
The ogre is moderately wounded.
You hit the ogre but do no damage.
The ogre is moderately wounded.
The ogre misses you.
You barely miss the ogre.
The ogre is moderately wounded.
The ogre barely misses you.
You barely miss the ogre. You squeeze the ogre, but do no damage.
The ogre is moderately wounded.
The ogre hits you with a +0 giant spiked club!!
Ouch! That really hurt!
You closely miss the ogre.
The ogre is moderately wounded.
Okay, then.
Okay, then.
You feel yourself speed up.
The ogre hits you with a +0 giant spiked club!!
Ouch! That really hurt!
You die...
Your body crumbles into a pile of gold.

#..## #..>....
##...# ##......
##....## #......
#......# #......
##......# ##...(.
#.......####(.(..
#.............(..
##...........#....
#@O(........## .
##.........## .
#.........# .
##........# #
##.......##
##.......#
#......##
##......#
#...#####


You could see an ogre (poisoned).

Vanquished Creatures
  A black bear (D:5)
  A necrophage (D:4)
  2 iguanas
  Natasha (thrice) (D:2)
  An orc wizard (D:3)
  5 adders
  3 worms
  A dart slug (D:1)
  18 orcs
  3 bats (D:1)
  7 endoplasms
  5 giant cockroaches
  5 goblins
  2 hobgoblins
  5 quokkas
  10 ball pythons
  2 frilled lizards
  5 kobolds
  5 rats
84 creatures vanquished.

Notes
Turn   | Place    | Note
-------+----------+-------------------------------------------
     0 | D:5      | Esekla the Octopode Delver began the quest for the Orb.
     0 | D:5      | Reached XP level 1. HP: 16/16 MP: 1/1
    13 | D:5      | Found a staircase to the Ecumenical Temple.
    22 | Temple   | Entered the Ecumenical Temple
   141 | D:5      | Found a sacrificial altar of Ru.
   201 | D:5      | Noticed a black bear
   203 | D:5      | Noticed an iguana
   247 | D:5      | Noticed an ogre
   301 | D:5      | Noticed an iguana
   361 | Temple   | Became a worshipper of Gozag Ym Sagoz the Greedy
   413 | D:3      | Found the Hermit's Pendant {Faith Invo=14 Evo=0 MP+5}
   648 | D:2      | Reached XP level 2. HP: 20/21 MP: 10/10
   761 | D:1      | Reached skill level 7 in Stealth
   962 | D:1      | Reached XP level 3. HP: 26/26 MP: 11/11
  1059 | D:1      | Found a faded altar of an unknown god.
  1675 | D:2      | Noticed Natasha
  1676 | D:2      | Killed Natasha
  1677 | D:2      | Reached XP level 4. HP: 31/31 MP: 13/13
  1735 | D:2      | Noticed Natasha
  1751 | D:2      | Killed Natasha
  1752 | D:2      | Reached skill level 1 in Spellcasting
  1765 | D:2      | Noticed Natasha
  1769 | D:2      | Killed Natasha
  1770 | D:2      | Reached skill level 1 in Shields
  1770 | D:2      | Reached XP level 5. HP: 24/36 MP: 14/14
  2732 | D:3      | Reached skill level 8 in Stealth
  3319 | D:4      | Reached XP level 6. HP: 42/42 MP: 16/16
  3331 | D:4      | Reached skill level 1 in Short Blades
  4048 | D:5      | Killed a black bear
  4049 | D:5      | Reached XP level 7. HP: 28/47 MP: 17/17
  4196 | D:5      | Found a burning altar of Makhleb.
  4335 | D:5      | Learned a level 1 spell: Apportation
  4354 | D:5      | Mangled by an ogre

Illustrated notes

Levels and vault maps discovered:
D:1:      spicycebolla_arrival_ecumenical, layout_loops_ring
D:2:      layout_rooms, uniq_natasha
D:3:      layout_basic
D:4:      layout_loops_cross
D:5:      layout_cave_pods, nicolae_overflow_hidden_temple,
          nicolae_ru_the_path_less_chosen, minmay_temple_entry_mist
Temple:   nicolae_temple_god_jail

Skill      XL: |  1  2  3  4  5  6 |
---------------+-------------------+-----
Stealth        | 7 8 |  8.3
Spellcasting   | 1 |  1.6
Shields        | 1 |  1.6
Long Blades    | 3 |  3.8
Dodging        | 3 |  3.3
Short Blades   | 1 |  1.5
Fighting       | |  3.7
Throwing       | |  0.2

Action                     |  1- 3 |  4- 6 |  7- 9 || total
---------------------------+-------+-------+-------++-------
  Melee: Falchion          |    26 |    83 |    13 ||   122
         Constrict         |     7 |    24 |     3 ||    34
         Dagger            |    16 |    27 |     1 ||    44
         Tentacles         |     6 |    24 |     1 ||    31
         Punch             |     1 |     3 |       ||     4
  Throw: Dart              |       |     9 |     6 ||    15
    Use: Potion            |     1 |     1 |     1 ||     3
         Scroll            |     1 |     1 |       ||     2
   Stab: Sleeping          |    17 |    10 |     1 ||    28
         Distracted        |       |     3 |       ||     3
 Armour: Skin              |       |     2 |       ||     2
  Dodge: Dodged            |    13 |    45 |     5 ||    63
  Block: Kite shield       |     2 |    24 |     1 ||    27

Table legend: (Time is in decaauts)
 A = Elapsed time spent in this place.
 B = Non-inter-level travel time spent in this place.
 C = Inter-level travel time spent in this place.
 D = Time resting spent in this place.
 E = Time spent auto-exploring this place.
 F = Levels seen in this place.
 G = Mean time per level.
                   A        B        C        D        E       F      G
               +--------+--------+--------+--------+--------+-----+--------+
         Total |   4370 |   4206 |    164 |    725 |   1390 |   6 |  728.3 |
       Dungeon |   4345 |   4187 |    158 |    725 |   1388 |   5 |  869.0 |
        Temple |     25 |     19 |      6 |      0 |      2 |   1 |   25.0 |
               +--------+--------+--------+--------+--------+-----+--------+

Top non-repeatable levels by time:
     D:3: 1109 daAuts
     D:4: 888 daAuts
     D:2: 797 daAuts
     D:5: 789 daAuts
     D:1: 759 daAuts
  Temple: 25 daAuts
